 Dungeon Crawl Stone Soup version 0.29-a0-275-g389c0b56f3 (webtiles) character file.

Game seed: 15036453331733012910

95 pokeman the Magician (level 4, -1/25 HPs)
             Began as a Deep Elf Hedge Wizard on Mar 12, 2022.
             Slain by a kobold brigand
             ... wielding a +2 dagger of speed
              (2 damage)
             ... on level 3 of the Dungeon.
             The game lasted 00:05:52 (3796 turns).

pokeman the Magician (Deep Elf Hedge Wizard)        Turns: 3796, Time: 00:05:53

Health: -1/25      AC:  4    Str:  7    XL:     4   Next: 39%
Magic:  1/13       EV: 12    Int: 27    God:
Gold:   119        SH:  5    Dex: 14    Spells: 3/14 levels left

rFire   . . .      SeeInvis .   a - +0 dagger
rCold   . . .      Faith    .   (no shield)
rNeg    . . .      Spirit   .   l - +0 leather armour
rPois   .          Reflect  +   p - +0 helmet
rElec   .          Harm     .   (no cloak)
rCorr   .          Rampage  .   (no gloves)
Will    .....                   (no boots)
Stlth   ++........              e - amulet of reflection
HPRegen 0.08/turn               v - +6 ring of intelligence
MPRegen 0.13/turn               u - ring of flight

@: flying
A: no striking features
a: no special abilities


You were on level 3 of the Dungeon.
You visited 1 branch of the dungeon, and saw 3 of its levels.

You collected 119 gold pieces.

Inventory:

Hand Weapons
 a - a +0 dagger (weapon)
Armour
 l - a +0 leather armour (worn)
 p - a +0 helmet (worn)
Jewellery
 e - an amulet of reflection (around neck)
 k - a ring of see invisible
 t - a ring of fire
 u - a ring of flight (right hand)
 v - a +6 ring of intelligence (left hand)
Scrolls
 c - a scroll of fear {unknown}
 g - a scroll of noise {unknown}
 i - a scroll of enchant armour {unknown}
 j - a scroll of teleportation {unknown}
 m - 5 scrolls of identify {unknown}
 o - a scroll of blinking {unknown}
 q - a scroll of amnesia {unknown}
 s - 2 scrolls of vulnerability {unknown}
Potions
 b - a potion of curing {unknown}
 d - 2 potions of magic
 f - a potion of lignification {unknown}
 h - a potion of degeneration {unknown}
 n - a potion of heal wounds {unknown}
 r - a potion of ambrosia {unknown}


   Skills:
 - Level 1.0 Fighting
 - Level 1.0 Armour
 + Level 2.6 Dodging
 - Level 2.4 Stealth
 * Level 5.7 Spellcasting
 + Level 2.2 Conjurations
 - Level 1.1 Summonings
 - Level 1.1 Translocations
 + Level 0.8 Fire Magic


You had 3 spell levels left.
You knew the following spells:

 Your Spells              Type           Power      Damage    Failure   Level
a - Magic Dart            Conj           80%        1d7       3%          1
b - Mephitic Cloud        Conj/Pois/Air  11%        N/A       22%         3
c - Call Imp              Summ           13%        N/A       10%         2
d - Blink                 Tloc           26%        N/A       10%         2
e - Conjure Flame         Conj/Fire      16%        6-21      16%         3

Your spell library contained the following spells:

 Spells                   Type           Power      Damage    Failure   Level
 Slow                     Hex            28%        N/A       10%         1
 Ozocubu's Armour         Ice            7%         N/A       28%         3
 Ozocubu's Refrigeration  Ice            3%         4d5       100%        7


Dungeon Overview and Level Annotations

Branches:
Dungeon (3/15)

Altars:

Shops:
D:1 (


Message History

The hobgoblin is almost dead.
The kobold brigand hits you with a +2 dagger of speed.
The hobgoblin hits you from afar with a +0 spear.
The kobold brigand hits you with a +2 dagger of speed.
Casting: Magic Dart (safe; 3% risk of failure)
Confirm with . or Enter, or press ? or * to list all spells.
You don't have enough magic to cast this spell.
Unknown command.
Unknown command.
Casting: Magic Dart (safe; 3% risk of failure)
Confirm with . or Enter, or press ? or * to list all spells.
You don't have enough magic to cast this spell.
Unknown command.
Unknown command.
The hobgoblin throws a throwing net.
The throwing net hits you.
You become entangled in the net!
Your magical contamination has completely faded away.
You struggle against the net.
The kobold brigand hits you with a +2 dagger of speed.
The hobgoblin hits you but does no damage.
You struggle against the net.
The hobgoblin hits you from afar with a +0 spear.
* * * LOW HITPOINT WARNING * * *
You struggle against the net.
The kobold brigand shouts, "What's happening?!"
The kobold brigand hits you with a +2 dagger of speed.
* * * LOW HITPOINT WARNING * * *
The hobgoblin barely misses you.
You rip the net and break free!
The hobgoblin hits you from afar with a +0 spear.
* * * LOW HITPOINT WARNING * * *
The kobold brigand seems less confused.
You block the kobold brigand's attack.
Things that are here:
a +0 dagger; a kobold corpse The kobold brigand misses you.
Things that are here:
a +0 club; a +0 club; a kobold corpse The kobold brigand attacks as you move away!
The kobold brigand hits you with a +2 dagger of speed.
You die...

##### ###≈≈≈#### #≈≈≈≈≈≈≈≈
##### ≈≈≈≈≈≈≈ #####..K#
############≈≈≈###......KK
#..........#####.......###
#..........@)g.○..######≈###
#....).####.K...###≈≈≈≈≈≈≈≈#
#......<# ###########≈≈≈≈≈≈≈
#.......# #>.......≈≈≈≈≈.
##.......## #..............
#.........# #####.#..#.#.#.
#.........# #........#.
#.........############)..#.#.
#.........'...#..........#.#.


You could see a kobold brigand and a hobgoblin.

Vanquished Creatures
  An adder (D:2)
  2 orcs (D:3)
  4 ball pythons
  5 endoplasms
  2 giant cockroaches (D:3)
  13 goblins
  10 hobgoblins
  2 jackals (D:3)
  13 kobolds
  4 quokkas
  A bat (D:3)
  2 frilled lizards (D:3)
  3 rats
62 creatures vanquished.

Vanquished Creatures (collateral kills)
  Robin (D:2)
1 creature vanquished.

Vanquished Creatures (others)
  4 fungi (D:1)
  3 plants (D:1)
7 creatures vanquished.

Grand Total: 70 creatures vanquished

Notes
Turn   | Place    | Note
-------+----------+-------------------------------------------
     0 | D:1      | pokeman the Deep Elf Hedge Wizard began the quest for the
                  | Orb.
     0 | D:1      | Reached XP level 1. HP: 10/10 MP: 7/7
   345 | D:1      | Reached XP level 2. HP: 15/15 MP: 0/9
  1049 | D:1      | Found Ecaagoorph's Weapon Shop.
  1108 | D:1      | Found a faded altar of an unknown god.
  1557 | D:2      | Reached skill level 5 in Spellcasting
  1588 | D:2      | Reached XP level 3. HP: 20/20 MP: 6/11
  1638 | D:2      | Learned a level 3 spell: Mephitic Cloud
  1641 | D:2      | Learned a level 2 spell: Call Imp
  1644 | D:2      | Learned a level 2 spell: Blink
  1648 | D:2      | Learned a level 3 spell: Conjure Flame
  1894 | D:2      | Noticed Robin
  2015 | D:1      | Reached skill level 1 in Fighting
  2263 | D:2      | Reached skill level 1 in Armour
  2270 | D:2      | Killed Robin
  2678 | D:3      | Reached XP level 4. HP: 25/25 MP: 8/13
  3527 | D:3      | Noticed a kobold brigand
  3770 | D:3      | Noticed a kobold brigand
  3792 | D:3      | HP: 1/25 [hobgoblin/+0 spear (1)]
  3796 | D:3      | Slain by a kobold brigand

Illustrated notes

Levels and vault maps discovered:
D:1:      psy_arrival_terrarium, layout_basic, serial_shops, nicolae_shop_trees,
          shapermc_ecumenical_altar_mp_urbaneastern, minmay_tromino_v4_b
D:2:      layout_rooms, uniq_robin
D:3:      cheibrodos_thug_alley, layout_basic, chequers_mini_garden,
          kennysheep_generic_room_6

Skill      XL: |  1  2  3 |
---------------+----------+-----
Spellcasting   | 5 |  5.7
Fighting       | 1 |  1.0
Conjurations   | 2 |  2.2
Armour         | 1 |  1.0
Dodging        | |  2.6
Stealth        | |  2.4
Summonings     | |  1.1
Translocations | |  1.1
Fire Magic     | |  0.8

Action                   |  1- 3 |  4- 6 || total
-------------------------+-------+-------++-------
Melee: Dagger            |    13 |     1 ||    14
 Cast: Magic Dart        |   115 |    55 ||   170
       Mephitic Cloud    |     1 |     1 ||     2
       Call Imp          |     1 |       ||     1
       Conjure Flame     |       |     1 ||     1
Armor: Leather armour    |     8 |     2 ||    10
Dodge: Dodged            |    24 |    10 ||    34
Block: Other             |     9 |     4 ||    13
       Reflection        |       |     2 ||     2

Table legend: (Time is in decaauts)
 A = Elapsed time spent in this place.
 B = Non-inter-level travel time spent in this place.
 C = Inter-level travel time spent in this place.
 D = Time resting spent in this place.
 E = Time spent auto-exploring this place.
 F = Levels seen in this place.
 G = Mean time per level.
                   A        B        C        D        E       F      G
               +--------+--------+--------+--------+--------+-----+--------+
         Total |   3796 |   3728 |     68 |    312 |   2959 |   3 | 1265.3 |
       Dungeon |   3796 |   3728 |     68 |    312 |   2959 |   3 | 1265.3 |
               +--------+--------+--------+--------+--------+-----+--------+

Top non-repeatable levels by time:
     D:1: 1726 daAuts
     D:3: 1220 daAuts
     D:2: 849 daAuts
